 Dungeon Crawl Stone Soup version 0.31-a0-233-g139696dc86 (webtiles) character file.

Game seed: 17161683164089137813

120 qw the Shooter (level 5, -3/30 HPs)
             Began as a Gargoyle Hexslinger on July 8, 2023.
             Slain by Terence
             ... wielding a +0 hand axe
              (4 damage)
             ... on level 2 of the Dungeon.
             The game lasted 00:00:47 (1476 turns).

qw the Shooter (Gargoyle Hexslinger)                Turns: 1476, Time: 00:00:47

Health: -3/30      AC:  7    Str: 11    XL:     5   Next: 4%
Magic:  6/6        EV: 11    Int: 14    God:
Gold:   51         SH:  0    Dex: 14    Spells: 5/6 levels left

rFire   . . .        Y - +1 sling
rCold   . . .        (no shield)
rNeg    + . .        j - +0 leather armour
rPois   inf          (no helmet)
rElec   +            (no cloak)
rCorr   .            (no gloves)
SInv    .            (no boots)
Will    +....        (no amulet)
Stlth   +            h - ring of willpower
HPRegen 0.25/turn    (no ring)
MPRegen 0.10/turn

%: no passive effects
@: no status effects
A: sickness immunity, AC +4, negative energy resistance 1, electricity
resistance, torment resistance 1, petrification resistance
a: no special abilities


You were on level 2 of the Dungeon.
You visited 1 branch of the dungeon, and saw 2 of its levels.

You collected 51 gold pieces.


Innate Abilities, Weirdness & Mutations

You are immune to sickness and miasma.
Your stone body is resilient. (AC +4)
You are immune to poison.
You resist negative energy. (rN+)
You are resistant to electric shocks. (rElec)
You are resistant to unholy torment.
You are immune to petrification.


   Skills:
 - Level 2.0 Fighting
 + Level 4.7 Ranged Weapons
 - Level 1.5 Dodging
 - Level 1.0 Spellcasting
 - Level 2.6 Hexes


You had 5 spell levels left.
You knew the following spells:

 Your Spells              Type           Power      Damage    Failure   Level
a - Slow                  Hex            32%        N/A       12%         1

Your spell library contained the following spells:

 Spells                   Type           Power      Damage    Failure   Level
 Inner Flame              Hex/Fire       4%         N/A       52%         3
 Portal Projectile        Hex/Tloc       8%         N/A       52%         3
 Cause Fear               Hex            4%         N/A       75%         4

Inventory:

Hand Weapons
 Y - a +1 sling (weapon)
Armour
 a - a +1 helmet
 j - a +0 leather armour (worn)
Jewellery
 c - a +6 ring of dexterity
 h - a ring of willpower (left hand)
Potions
 b - a potion of curing {unknown}
 d - 2 potions of enlightenment {unknown}
 f - 2 potions of cancellation

Dungeon Overview and Level Annotations

Branches:
Dungeon (2/15)

Altars:

Annotations:
D:2 Sigmund, Terence


Message History

Terence barely misses you.
You shoot a sling bullet. The sling bullet hits Terence.
Terence is heavily wounded.
Terence barely misses you.
You shoot a sling bullet. The sling bullet hits Terence.
Terence is severely wounded.
Terence barely misses you.
You shoot a sling bullet.
The sling bullet hits Terence but does no damage.
Terence is severely wounded.
Terence hits you with a +0 hand axe. x2
You shoot a sling bullet. The sling bullet hits Terence.
Terence is severely wounded.
Terence closely misses you.
You shoot a sling bullet. The sling bullet barely misses Terence.
Terence hits you with a +0 hand axe.
You shoot a sling bullet. The sling bullet barely misses Terence.
Terence hits you with a +0 hand axe.
You shoot a sling bullet.
The sling bullet hits Terence but does no damage.
Terence is severely wounded.
Terence barely misses you. Terence closely misses you.
You shoot a sling bullet.
The sling bullet closely misses Terence.
Terence hits you with a +0 hand axe!
You shoot a sling bullet.
The sling bullet closely misses Terence.
Terence hits you but does no damage.
You shoot a sling bullet.
The sling bullet hits Terence but does no damage.
Terence is severely wounded.
Terence hits you with a +0 hand axe.
You shoot a sling bullet.
The sling bullet hits Terence but does no damage.
Terence is severely wounded.
Terence hits you with a +0 hand axe. Terence misses you.
You shoot a sling bullet. The sling bullet hits Terence.
Terence is severely wounded.
Terence hits you with a +0 hand axe.
You die...

.#.#########
........
...........#
#....
........
.#########.#
#...
###.....
.....# #.#
#... #...%.
.###.# #.#
#.. +.....
.###.# #.#
#.. #.....
.+.#.# #.#
#.# #.....
.#.#.#
###'#####@##
#.....
.#.#.#
#........@.#
#.....
.#.#.#
#..........#
#.....
.#.#.#
#........<.#
#.....
.#|#.#
#..........#
..... #.#.#
#..........#
.... #.#.#
###'########
#.#.#####.#
#.#.....#.#
#.........#


You could see Terence.

Vanquished Creatures
  Robin (D:2)
  4 gnolls (D:2)
  2 adders (D:2)
  A worm (D:2)
  A dart slug (D:1)
  2 ball pythons (D:1)
  5 endoplasms
  7 goblins
  6 hobgoblins
  3 jackals (D:1)
  2 quokkas
  6 bats
  A frilled lizard (D:1)
  4 kobolds
  3 rats
48 creatures vanquished.

Notes
Turn   | Place    | Note
-------+----------+-------------------------------------------
     0 | D:1      | qw the Gargoyle Hexslinger began the quest for the Orb.
     0 | D:1      | Reached XP level 1. HP: 12/12 MP: 2/2
     0 | D:1      | 0 ||| qw: Version: 0.3-a-46-gb1f654a
     0 | D:1      | 0 ||| qw: Game counter: 3742
     0 | D:1      | 0 ||| qw: Melee chars always use a shield: true
     0 | D:1      | 0 ||| qw: God list: Okawaru
     0 | D:1      | 0 ||| qw: Allow faded altars: false
     0 | D:1      | 0 ||| qw: Do Orc after clearing Dungeon:15 true
     0 | D:1      | 0 ||| qw: Do second Lair branch before Depths: true
     0 | D:1      | 0 ||| qw: Lair rune preference: random
     0 | D:1      | 0 ||| qw: Goals: Normal
     0 | D:1      | 0 ||| PLANNING D:1-11
     2 | D:1      | Noticed a spriggan
     2 | D:1      | Noticed a demigod
     4 | D:1      | Noticed a gargoyle
     4 | D:1      | Noticed a felid
     6 | D:1      | Noticed a demonspawn
     8 | D:1      | Noticed an armataur
    10 | D:1      | Noticed a ghoul
    10 | D:1      | Noticed a vine stalker
    12 | D:1      | Noticed an ogre
    12 | D:1      | Noticed an elf
    14 | D:1      | Noticed a minotaur
    14 | D:1      | Noticed a human
    16 | D:1      | Noticed a tengu
    16 | D:1      | Noticed a troll
    18 | D:1      | Noticed a draconian
    18 | D:1      | Noticed a meteoran
    20 | D:1      | Noticed a formicid
    20 | D:1      | Noticed a merfolk
    22 | D:1      | Noticed a naga
    22 | D:1      | Noticed a vampire
    24 | D:1      | Noticed an octopode
    24 | D:1      | Noticed a formicid
    26 | D:1      | Noticed a minotaur
    26 | D:1      | Noticed a naga
    99 | D:1      | Reached XP level 2. HP: 16/16 MP: 3/3
   366 | D:1      | Reached skill level 3 in Ranged Weapons
   704 | D:1      | Reached XP level 3. HP: 21/21 MP: 4/4
   732 | D:1      | 732 ||| UPGRADING to +0 leather armour.
   742 | D:1      | 742 ||| DROPPING +0 robe.
   743 | D:1      | 743 ||| UPGRADING to ring of willpower.
   744 | D:1      | 744 ||| READING 2 scrolls labelled ASCHIW CAACH.
   747 | D:1      | 747 ||| READING scroll labelled JYNUAR UGASOWK.
   748 | D:1      | 748 ||| READING scroll labelled TYGIELO APT.
   749 | D:1      | 749 ||| READING scroll labelled QUERURPHEOD.
   750 | D:1      | 750 ||| DRINKING 2 fizzy cyan potions.
   751 | D:1      | 751 ||| DROPPING scroll of poison.
   964 | D:2      | Noticed Sigmund
   971 | D:2      | HP: 5/21 [Sigmund/+2 scythe of venom (6)]
   972 | D:2      | 972 ||| READING scroll of teleportation.
  1071 | D:2      | Reached XP level 4. HP: 26/26 MP: 5/5
  1075 | D:2      | Reached skill level 4 in Ranged Weapons
  1081 | D:2      | 1081 ||| FLEEEEING.
  1082 | D:2      | 1082 ||| FLEEEEING.
  1083 | D:2      | 1083 ||| FLEEEEING.
  1084 | D:2      | 1084 ||| FLEEEEING.
  1085 | D:2      | 1085 ||| FLEEEEING.
  1086 | D:2      | 1086 ||| STAIRDANCE
  1141 | D:1      | 1141 ||| READING scroll labelled IDIMPIACWAHOGG.
  1179 | D:2      | 1179 ||| FLEEEEING.
  1193 | D:2      | Noticed Robin
  1202 | D:2      | Killed Robin
  1391 | D:2      | Reached XP level 5. HP: 30/30 MP: 6/6
  1449 | D:2      | Noticed Terence
  1472 | D:2      | HP: 7/30 [Terence/+0 hand axe (7)]
  1474 | D:2      | HP: 3/30 [Terence/+0 hand axe (5)]
  1475 | D:2      | HP: 1/30 [Terence/+0 hand axe (2)]
  1476 | D:2      | Slain by Terence

Levels and vault maps discovered:
D:1:      kb_arrival_jail, layout_loops_ring
D:2:      layout_basic, minmay_lizard_king, uniq_sigmund, uniq_robin,
          uniq_terence

Skill      XL: |  1  2  3  4 |
---------------+-------------+-----
Ranged Weapons | 3 4 |  4.7
Fighting       | 2 |  2.0
Dodging        | |  1.5
Spellcasting   | |  1.0
Hexes          | |  2.6

Action                     |  1- 3 |  4- 6 || total
---------------------------+-------+-------++-------
   Fire: Sling             |   114 |    99 ||   213
    Use: Scroll            |     5 |     1 ||     6
         Potion            |     1 |       ||     1
 Armour: Robe              |    13 |       ||    13
         Leather armour    |     6 |    18 ||    24
  Dodge: Dodged            |    49 |    37 ||    86

Table legend:
 A = Non-vault XP
 B = Vault XP
 C = Vault XP percentage of total XP
 D = Non-vault monster count
 E = Vault monster count
 F = Vault count percentage of total count
                 A         B        C        D         E       F
            +---------+---------+-------+---------+---------+-------
      Total |     141 |      31 |  18.0 |      39 |       9 |  18.8
            +---------+---------+-------+---------+---------+-------
        D:1 |      38 |       0 |   0.0 |      22 |       0 |   0.0
        D:2 |     103 |      31 |  23.1 |      17 |       9 |  34.6
            +---------+---------+-------+---------+---------+-------
